 Dungeon Crawl Stone Soup version 0.31-a0-971-g75a2e9a4b4 (webtiles) character file.

Game seed: 10969272686083488582

227 Azuregosa the Covert (level 6, -4/42 HPs)
             Began as an Octopode Delver on Oct 28, 2023.
             Slain by a gnoll sergeant
             ... wielding a +0 spear
              (7 damage)
             ... on level 4 of the Dungeon.
             The game lasted 00:10:16 (3530 turns).

Azuregosa the Covert (Octopode Delver)              Turns: 3530, Time: 00:10:17

Health: -4/42      AC:  1    Str: 11    XL:     6   Next: 2%
Magic:  6/6        EV: 18    Int: 12    God:
Gold:   100        SH:  0    Dex: 16    Spells: 5/5 levels left

rFire   . . .        c - +0 spear
rCold   . . .        (no shield)
rNeg    . . .        (helmet restricted)
rPois   .            (no amulet)
rElec   .            o - +5 ring of evasion
rCorr   .            (no ring)
SInv    .            (no ring)
Will    .....        (no ring)
Stlth   ++++++       (no ring)
HPRegen 0.27/turn    (no ring)
MPRegen 0.10/turn    (no ring)
                     (no ring)

%: no passive effects
@: no status effects
A: almost no armour, amphibious, 8 rings, camouflage 1, gelatinous body 1,
(nimble swimmer 1), tentacles
a: no special abilities


You were on level 4 of the Dungeon.
You visited 1 branch of the dungeon, and saw 5 of its levels.

You collected 100 gold pieces.

Inventory:

Hand Weapons
 b - a +1 dagger of draining
 c - a +0 spear (weapon)
 f - a +0 falchion
 m - a +1 whip of venom
Missiles
 h - 32 stones
 k - 9 boomerangs
 n - 2 poisoned darts
Jewellery
 o - a +5 ring of evasion (left tentacle)
 p - a ring of wizardry
Wands
 e - a wand of digging (3)
Scrolls
 a - a scroll of fog
 g - 3 scrolls of blinking {unknown}
 i - a scroll of teleportation {unknown}
 j - a scroll of vulnerability {unknown}
 l - a scroll of revelation
 q - a scroll of butterflies {unknown}
 r - a scroll of amnesia {unknown}
Potions
 d - a potion of haste


   Skills:
 - Level 3.0 Fighting
 - Level 2.0 Dodging
 + Level 10.6 Stealth
 - Level 2.0 Unarmed Combat


You had 5 spell levels left.
You didn't know any spells.
Your spell library contained the following spells:

 Spells                   Type           Power      Damage    Failure   Level
 Cigotuvi's Dreadful Rot  Necr/Pois/Air  0%         N/A       45%         2
 Dispel Undead            Necr           0%         3d6       97%         4
 Death Channel            Necr           0%         N/A       100%        6


Dungeon Overview and Level Annotations

Branches:
Dungeon (5/15)
 Temple: D:4-7

Altars:
Ashenzari

Shops:
D:2 =

Annotations:
D:3 3 runed translucent doors, Azuregosa's ghost, weakling OpDe; Chipwarrior's ghost, amateur MiBe; Pi314's ghost, amateur DrCj


Innate Abilities, Weirdness & Mutations

You cannot wear most types of armour.
You are amphibious.
You can wear up to eight rings at the same time.
Your skin changes colour to match your surroundings (Stealth+).
Your rubbery body absorbs attacks. (AC +1, EV +1)
((You are camouflaged when in or above water. (Stealth+)))
You have tentacles for arms and can constrict up to eight enemies at once.


Message History

You hit the gnoll. You squeeze the gnoll.
You kill the gnoll!
You have reached level 6!
You start resting.
HP restored.
You climb downwards.
The gnoll sergeant barely misses you.
The gnoll sergeant hits you from afar with a +0 spear!
There is a stone staircase leading up, spattered with blood here.
The gnoll sergeant closely misses you.
You hit the gnoll sergeant but do no damage.
You grab the gnoll sergeant.
You constrict the gnoll sergeant, but do no damage.
The gnoll sergeant closely misses you.
You hit the gnoll sergeant.
The gnoll sergeant is lightly wounded.
You constrict the gnoll sergeant.
The gnoll sergeant hits you with a +0 spear.
You hit the gnoll sergeant but do no damage.
The gnoll sergeant is lightly wounded.
You constrict the gnoll sergeant, but do no damage.
The gnoll sergeant hits you with a +0 spear!
You hit the gnoll sergeant but do no damage.
Your squeeze misses the gnoll sergeant.
The gnoll sergeant is lightly wounded.
You constrict the gnoll sergeant. The gnoll sergeant misses you.
You hit the gnoll sergeant.
The gnoll sergeant is moderately wounded.
You constrict the gnoll sergeant, but do no damage.
The gnoll sergeant hits you with a +0 spear!
* * * LOW HITPOINT WARNING * * *
You hit the gnoll sergeant but do no damage.
You squeeze the gnoll sergeant, but do no damage.
The gnoll sergeant is moderately wounded.
You constrict the gnoll sergeant, but do no damage.
The gnoll sergeant hits you with a +0 spear.
* * * LOW HITPOINT WARNING * * *
Okay, then.
You release your grip on the gnoll sergeant.
The gnoll sergeant hits you from afar with a +0 spear!
You die...

#..# .. ... ##..
##.. ..... ...
..... #.#####.#
.....
.....#.##.#.#..
#........... ..
#...@..#.#
#.###.#.####.#
#......g# #.#
#.#.##.## #.#
###.#.##.## #.#
...[......####.#
#.#
##.........g..#
#.#
##...<..####.#
#.# #.#.#.## #.#
##.##


You could see a gnoll sergeant.

Vanquished Creatures
  A hound (D:3)
  An iguana (D:2)
  An orc wizard (D:3)
  2 adders
  4 gnolls (D:3)
  2 worms
  2 dart slugs
  4 orcs (D:3)
  4 endoplasms
  3 giant cockroaches
  9 goblins
  7 hobgoblins
  2 jackals (D:1)
  11 kobolds
  3 quokkas
  10 ball pythons
  5 bats
  3 frilled lizards
  4 rats
78 creatures vanquished.

Notes
Turn   | Place    | Note
-------+----------+-------------------------------------------
     0 | D:5      | Azuregosa the Octopode Delver began the quest for the Orb.
     0 | D:5      | Reached XP level 1. HP: 16/16 MP: 1/1
    28 | D:4      | Found a broken altar of Ashenzari.
    82 | D:4      | Noticed a black bear
   156 | D:4      | Noticed a gnoll sergeant
   234 | D:4      | Noticed a hound
   261 | D:3      | Reached skill level 7 in Stealth
   268 | D:3      | Reached XP level 2. HP: 14/21 MP: 2/2
   385 | D:3      | Reached XP level 3. HP: 17/26 MP: 3/3
   506 | D:2      | Reached skill level 8 in Stealth
   935 | D:1      | Reached XP level 4. HP: 29/31 MP: 4/4
  1508 | D:2      | Reached skill level 9 in Stealth
  1573 | D:2      | Found Pesheh's One-of-a-Kind Rings.
  1864 | D:2      | Reached XP level 5. HP: 3/36 MP: 5/5
  2852 | D:3      | Found a runed translucent gate.
  2852 | D:3      | Found a runed translucent gate.
  2852 | D:3      | Found a runed translucent gate.
  2856 | D:3      | Noticed Azuregosa's ghost (weakling OpDe)
  2856 | D:3      | Noticed Pi314's ghost (amateur DrCj)
  2857 | D:3      | Noticed Chipwarrior's ghost (amateur MiBe)
  3013 | D:3      | Reached skill level 10 in Stealth
  3373 | D:3      | HP: 1/36 [gnoll/+0 club[a gnoll sergeant] (8)]
  3375 | D:3      | Reached XP level 6. HP: 2/42 MP: 6/6
  3529 | D:4      | HP: 2/42 [gnoll sergeant/+0 spear (2)]
  3530 | D:4      | Slain by a gnoll sergeant

Illustrated notes

Levels and vault maps discovered:
D:1:      minmay_arrival_solitary_statue, layout_loops_ring,
          chequers_serial_rivers_small_3, chequers_serial_rivers_small_3,
          st_stairs_12, minmay_indecisive_spiral
D:2:      layout_rooms, serial_forest, infiniplex_forest_straight_2,
          infiniplex_forest_clump_medium, infiniplex_forest_corner_1,
          infiniplex_forest_clump_double, infiniplex_forest_lined_room_2,
          infiniplex_forest_lined_4_way, infiniplex_forest_lined_3,
          nicolae_shop_unique_rings
D:3:      layout_loops_cross, gammafunk_ghost_cemetery
D:4:      layout_loops_ring, kennysheep_mini, temple_green, serial_shops,
          nicolae_shop_hallway_stairs, dreamdust_mushroom_princess,
          minmay_misc_feat_roman, uniq_menkaure
D:5:      layout_layer_cave, nicolae_shop_i_like_small_books_too, uniq_ijyb,
          uniq_duvessa

Skill      XL: |  1  2  3  4  5 |
---------------+----------------+-----
Stealth        | 7 8 9 10 | 10.6
Fighting       | |  3.0
Dodging        | |  2.0
Unarmed Combat | |  2.0

Action                     |  1- 3 |  4- 6 || total
---------------------------+-------+-------++-------
  Melee: Falchion          |    37 |       ||    37
         Tentacles         |    12 |    25 ||    37
         Constrict         |    15 |    29 ||    44
         Spear             |    31 |   129 ||   160
         Punch             |       |     5 ||     5
  Throw: Stone             |       |     4 ||     4
    Use: Scroll            |     2 |       ||     2
         Potion            |       |     1 ||     1
   Stab: Sleeping          |     8 |    15 ||    23
         Distracted        |       |     1 ||     1
 Armour: Skin              |    29 |    69 ||    98
  Dodge: Dodged            |    42 |    85 ||   127

Table legend: (Time is in decaauts)
 A = Elapsed time spent in this place.
 B = Non-inter-level travel time spent in this place.
 C = Inter-level travel time spent in this place.
 D = Time resting spent in this place.
 E = Time spent auto-exploring this place.
 F = Levels seen in this place.
 G = Mean time per level.
                   A        B        C        D        E       F      G
               +--------+--------+--------+--------+--------+-----+--------+
         Total |   3562 |   3435 |    127 |   1211 |   1253 |   5 |  712.4 |
       Dungeon |   3562 |   3435 |    127 |   1211 |   1253 |   5 |  712.4 |
               +--------+--------+--------+--------+--------+-----+--------+

Top non-repeatable levels by time:
     D:3: 1549 daAuts
     D:1: 936 daAuts
     D:2: 779 daAuts
     D:4: 273 daAuts
     D:5: 25 daAuts
